 Dungeon Crawl Stone Soup version 0.19.1-1-g22dce08 (webtiles) character file.

181 Lahna the Slasher (level 5, 0/46 HPs)
             Began as a Minotaur Abyssal Knight on Jan 17, 2017.
             Was a Follower of Lugonu.
             Killed by divine providence
             ... invoked by an orc priest
              (17 damage)
             ... on level 5 of the Dungeon.
             The game lasted 00:06:29 (3236 turns).

Lahna the Slasher (Minotaur Abyssal Knight)         Turns: 3236, Time: 00:06:30

Health: 0/46       AC:  5    Str: 17    XL:     5   Next: 34%
Magic:  5/5        EV: 11    Int:  9    God:    Lugonu [*.....]
Gold:   296        SH:  0    Dex: 10    Spells: 0 memorised, 4 levels left

rFire  + . .     SeeInvis +     a - +1 falchion
rCold  + . .     Gourm    .     D - +2 robe {rC+ rF+}
rNeg   . . .     Faith    .     (no shield)
rPois  .         Spirit   .     (helmet restricted)
rElec  .         Reflect  .     o - +0 cloak (curse)
rCorr  .         Harm     .     (no gloves)
MR     .....                    (no boots)
Stlth  +.........               (no amulet)
                                (no ring)
                                s - ring of see invisible

@: no status effects
A: retaliatory headbutt, horns 2
a: Depart the Abyss, Renounce Religion


You were on level 5 of the Dungeon.
You worshipped Lugonu.
Lugonu was aware of your devotion.
You were very hungry.

You visited 1 branch of the dungeon, and saw 5 of its levels.
You visited the Abyss 1 time.

You collected 296 gold pieces.

Inventory:

Hand Weapons
 a - a +1 falchion (weapon)
Armour
 e - a +0 ring mail
 o - a cursed +0 cloak (worn)
 t - a +0 shield
 B - the +0 robe of the Little Devil {rF++ Regen+ rCorr Slay-3}
   (You found it on level 4 of the Dungeon)

   It affects your accuracy and damage with ranged weapons and melee attacks
   (-3).
   It greatly protects you from fire.
   It increases your rate of regeneration.
   It protects you from acid and corrosion.
 D - a +2 robe of resistance (worn)
Jewellery
 s - a ring of see invisible (left hand)
 w - a +2 ring of strength {unknown}
 x - an uncursed ring of ice {unknown}
Wands
 g - a wand of polymorph (6/24)
 E - a wand of flame (25/48)
Scrolls
 d - a scroll of blinking {unknown}
 f - a scroll of enchant armour {unknown}
 h - 3 scrolls of recharging {unknown}
 k - a scroll of magic mapping {unknown}
 l - 6 scrolls of identify {unknown}
 m - a scroll of teleportation {unknown}
 n - a scroll of amnesia {unknown}
 v - 4 scrolls of immolation {unknown}
 y - 4 scrolls of noise {unknown}
Potions
 b - a potion of invisibility
 i - a potion of cure mutation {unknown}
 p - 2 potions of heal wounds {unknown}
 r - a potion of lignification {unknown}
 z - a potion of agility {unknown}
 C - 3 potions of curing
 F - a potion of degeneration {unknown}
 G - 2 potions of brilliance {unknown}
Books
 u - a book of Misfortune

   Spells                             Type                      Level
   a - Confusing Touch                Hexes                        1
   b - Confuse                        Hexes                        3
   c - Gell's Gravitas                Hexes/Translocation          3
   d - Petrify                        Transmutation/Earth          4
   e - Metabolic Englaciation         Hexes/Ice                    5
   f - Yara's Violent Unravelling     Hexes/Transmutation          5
Comestibles
 c - 5 bread rations
 j - 2 beef jerkies
 q - a slice of pizza
 A - 2 meat rations


   Skills:
 - Level 4.0 Fighting
 - Level 5.0 Long Blades
 + Level 4.8 Armour
 - Level 1.1 Dodging
 - Level 1.7 Invocations
 + Level 0.1 Evocations


You had 4 spell levels left.
You didn't know any spells.

Dungeon Overview and Level Annotations

Branches:
Dungeon (5/15)
 Temple: D:4-7

Altars:
Dithmenos
Elyvilon
Nemelex Xobeh
Qazlal


Innate Abilities, Weirdness & Mutations

You reflexively headbutt those who attack you in melee.
You have a pair of horns on your head.


Message History

The orc is severely wounded.
The orc hits you with a flail.
You hit the orc but do no damage.
The orc is severely wounded.
The orc closely misses you.
You riposte.
You hit the orc.
The orc is almost dead.
You completely miss the orc. Your headbutt misses the orc.
The orc is almost dead.
The orc hits you with a flail!
You hit the orc.
You kill the orc!
Lugonu accepts your kill.
You hit the orc priest.
The orc priest is moderately wounded.
The orc priest miscasts a cantrip.
You hit the orc priest.
The orc priest is severely wounded.
The orc priest invokes the aid of Beogh against you.
Beogh smites you!
You die...

# #. #.#### #.....
#####...# .......o#
#o# #@# #.# #.#
#.####.#
#.###########......#
#........<....######
###############


You could see an orc priest and an orc.

Vanquished Creatures
  A hound (D:4)
  A centaur skeleton (D:4)
  A worker ant (D:4)
  4 adders
  An ooze (D:2)
  6 worms
  A dart slug (D:2)
  3 leopard geckos
  An orc (D:5)
  4 bats
  2 giant cockroaches
  3 goblins (D:1)
  3 hobgoblins
  4 kobolds
  A ball python skeleton (D:4)
  2 frilled lizards
  A jackal skeleton (D:4)
  6 rats
45 creatures vanquished.

Notes
Turn   | Place    | Note
-------+----------+-------------------------------------------
     0 | Abyss:1  | Lahna the Minotaur Abyssal Knight began the quest for the Orb.
     0 | Abyss:1  | Reached XP level 1. HP: 19/19 MP: 1/1
    70 | Abyss:1  | Noticed a large abomination
    89 | Abyss:1  | Noticed a tentacled starspawn
    91 | D:1      | Escaped the Abyss
   382 | D:1      | Reached skill level 3 in Long Blades
   414 | D:1      | Reached XP level 2. HP: 24/26 MP: 2/2
   524 | D:1      | Reached * piety under Lugonu
   560 | D:1      | Found a sparkling altar of Nemelex Xobeh.
   704 | D:2      | Reached skill level 4 in Long Blades
   734 | D:2      | Reached XP level 3. HP: 2/31 MP: 3/3
  1085 | D:2      | Found a stormy altar of Qazlal.
  1085 | D:2      | Noticed an earth elemental
  1088 | D:2      | Noticed a fire elemental
  1088 | D:2      | Noticed an air elemental
  1088 | D:2      | Noticed a water elemental
  1314 | D:2      | Reached skill level 5 in Long Blades
  1501 | D:3      | Found a white marble altar of Elyvilon.
  1639 | D:3      | Reached XP level 4. HP: 40/40 MP: 4/4
  1864 | D:4      | Noticed Sigmund
  2277 | D:4      | Reached XP level 5. HP: 27/46 MP: 5/5
  2301 | D:5      | Entered Level 5 of the Dungeon
  2479 | D:4      | Noticed Sigmund
  2479 | D:4      | Sigmund changed into Sigmund the adder
  2481 | D:4      | Killed Sigmund the adder
  2579 | D:4      | Found a shadowy altar of Dithmenos.
  3113 | D:4      | Got a tattered robe
  3127 | D:4      | Identified the +0 robe of the Little Devil {rF++ Regen+ rCorr Slay-3} (You found it on level 4 of the Dungeon)
  3236 | D:5      | Killed from afar by an orc priest

Skill      XL: |  1  2  3  4 |
---------------+-------------+-----
Long Blades    | 3 4 5 |  5.0
Fighting       | 4 |  4.0
Armour         | 4 |  4.8
Dodging        | |  1.1
Invocations    | |  1.7
Evocations     | |  0.1

Action                   |  1- 3 |  4- 6 || total
-------------------------+-------+-------++-------
Melee: Falchion          |    83 |    44 ||   127
       Headbutt          |     8 |    11 ||    19
Invok: Depart the Abyss  |     1 |       ||     1
Evoke: Wand              |       |     1 ||     1
  Use: Potion            |     2 |       ||     2
 Stab: Invisible         |     1 |       ||     1
  Eat: Chunk             |     2 |     4 ||     6
Armor: Ring mail         |    38 |    14 ||    52
Dodge: Dodged            |    56 |    20 ||    76
       Rpst.: Falchion   |    14 |     6 ||    20
